Map: Eternal Empire LE

Players

fonlartiste

  • Race: Protoss Protoss
  • League: Platinum
  • Spawn Location: 7:00

ViBE - Winner!

  • Race: Protoss Protoss
  • League: Platinum
  • Spawn Location: 1:00

VOD

Have the link to the VOD?

Description

Time

  • Played on: Dec. 11, 2019, 11:15 p.m.
  • Length: 11:39
Show
View Real Time Build Order
Export as new Build Order

fonlartiste Protoss 

Build Orders: Zealot Archon 

Get SALT Encoding   

  12  0:00  Probe  
  13  0:13  Probe  
  14  0:19  Pylon  
  14  0:25  Probe  
  15  0:38  Gateway  
  15  0:40  Probe (Chrono Boost)  
  16  0:49  Probe (Chrono Boost)  
  17  0:50  Assimilator  
  17  0:54  Probe (Chrono Boost)  
  18  1:01  Assimilator  
  18  1:13  Probe  
  19  1:19  Gateway  
  19  1:25  Probe  
  20  1:26  Cybernetics Core  
  20  1:37  Probe  
  21  1:49  Probe  
  22  2:01  Probe  
  23  2:12  Pylon  
  23  2:13  Warp Gate  
  23  2:27  Adept (Chrono Boost)  
  27  2:37  Adept (Chrono Boost)  
  27  2:41  Forge  
  27  2:43  Nexus  
  26  2:50  Robotics Facility  
  26  2:53  Probe  
  27  3:08  Stalker  
  27  3:09  Sentry  
  31  3:21  Pylon  
  31  3:37  Probe  
  30  3:53  Probe  
  30  3:54  Protoss Ground Weapons Level 1 (Chrono Boost)  
  31  3:56  Probe  
  31  3:59  Pylon  
  31  4:02  Observer  
  33  4:08  Probe x2 (Chrono Boost), Twilight Council  
  36  4:17  Stalker  
  36  4:18  Probe (Chrono Boost)  
  36  4:21  Probe (Chrono Boost), Stalker  
  36  4:23  Probe (Chrono Boost)  
  41  4:29  Probe  
  41  4:39  Probe (Chrono Boost)  
  41  4:45  Templar Archives  
  42  4:51  Probe (Chrono Boost), Immortal (Chrono Boost)  
  42  4:52  Probe (Chrono Boost)  
  49  5:00  Probe (Chrono Boost)  
  49  5:02  Probe  
  49  5:06  Gateway  
  50  5:09  Gateway  
  50  5:10  Probe  
  51  5:18  Probe  
  52  5:23  Probe  
  52  5:24  Observer  
  52  5:25  Assimilator  
  54  5:29  Assimilator  
  54  5:30  Probe  
  55  5:40  Protoss Ground Weapons Level 2  
  55  5:43  Nexus  
  55  5:44  Warp Prism  
  57  5:51  Probe  
  58  6:04  Zealot  
  58  6:10  Gateway  
  60  6:12  Gateway  
  60  6:13  Pylon  
  60  6:15  Pylon, Gateway  
  60  6:17  Gateway  
  60  6:21  Probe x2  
  62  6:33  Probe  
  62  6:39  Zealot x4  
  71  6:45  Charge (Chrono Boost)  
  71  6:55  Probe x3  
  71  7:01  High Templar x2  
  76  7:02  High Templar  
  76  7:07  Probe x3  
  76  7:08  High Templar  
  85  7:14  Gateway  
  85  7:15  Gateway  
  85  7:19  Probe x2, Pylon x2  
  85  7:21  Pylon  
  87  7:23  Archon x2  
  87  7:29  Zealot x3  
  93  7:41  Probe x3  
  96  7:45  High Templar  
  96  7:46  High Templar  
  98  7:53  Probe x2  
  98  8:00  High Templar  
  98  8:02  High Templar  
  98  8:03  Zealot x3  
  98  8:04  Zealot  
  110  8:09  Archon x2  
  110  8:26  High Templar  
  110  8:28  Protoss Ground Weapons Level 3 (Chrono Boost)  
  110  8:29  Assimilator  
  110  8:33  Assimilator  
  110  8:35  Zealot  
  110  8:36  Zealot x2  
  116  8:42  Pylon  
  116  8:43  Pylon  
  116  8:45  Pylon  
  116  8:47  Pylon  
  114  8:54  High Templar  
  110  8:55  Zealot x3  
  110  9:01  Pylon  
  116  9:03  Pylon, Zealot x5  
  116  9:04  Pylon  
  126  9:10  Nexus  
  126  9:13  High Templar  
  126  9:16  High Templar  
  130  9:17  Probe  
  130  9:21  Pylon  
  130  9:23  Pylon  
  119  9:45  Zealot x2  
  119  9:46  Zealot x6  
  119  9:47  Zealot  
  121  10:10  Probe x2  
  121  10:11  Probe  
  124  10:17  High Templar  
  124  10:18  High Templar x2  
  124  10:19  High Templar  
  128  10:22  Probe  
  128  10:25  Archon x3  
  128  10:27  Archon  
  127  10:30  Immortal (Chrono Boost)  
  113  10:43  Zealot x6  
  104  10:55  Zealot x4  
  87  11:05  Probe  
  87  11:06  Probe, Immortal (Chrono Boost), Shield Battery  
  87  11:09  Shield Battery  
  92  11:11  High Templar x2  
  92  11:13  Zealot x4  
  92  11:18  Archon  
  104  11:25  Shield Battery  
Show
View Real Time Build Order
Export as new Build Order

ViBE Protoss - Winner!

Build Orders: Archon Immortal 

Get SALT Encoding   

  12  0:01  Probe  
  13  0:13  Probe  
  14  0:19  Pylon  
  14  0:25  Probe  
  15  0:37  Probe  
  15  0:41  Gateway  
  16  0:49  Probe (Chrono Boost)  
  17  0:58  Assimilator  
  17  1:01  Probe (Chrono Boost)  
  18  1:04  Assimilator  
  18  1:08  Probe (Chrono Boost)  
  19  1:15  Probe (Chrono Boost)  
  20  1:18  Gateway  
  20  1:27  Probe (Chrono Boost)  
  20  1:31  Cybernetics Core  
  21  1:39  Probe (Chrono Boost), Pylon  
  22  1:48  Probe  
  23  2:00  Probe  
  24  2:08  Sentry, Stalker  
  28  2:14  Warp Gate  
  28  2:17  Probe  
  29  2:30  Nexus  
  29  2:37  Pylon  
  29  2:47  Stalker  
  31  2:55  Probe (Chrono Boost)  
  31  2:57  Stalker  
  35  3:07  Probe (Chrono Boost)  
  35  3:12  Probe (Chrono Boost)  
  35  3:14  Pylon  
  35  3:18  Stalker  
  38  3:22  Probe  
  39  3:35  Probe  
  40  3:45  Probe (Chrono Boost)  
  40  3:47  Probe (Chrono Boost)  
  40  3:51  Robotics Facility  
  42  3:55  Probe (Chrono Boost)  
  42  3:56  Probe (Chrono Boost), Forge  
  42  4:00  Probe (Chrono Boost)  
  42  4:01  Probe (Chrono Boost)  
  43  4:09  Stalker  
  46  4:12  Probe (Chrono Boost)  
  46  4:14  Probe (Chrono Boost)  
  46  4:16  Stalker  
  51  4:24  Probe (Chrono Boost)  
  51  4:31  Probe (Chrono Boost)  
  52  4:32  Probe (Chrono Boost)  
  52  4:37  Probe  
  54  4:38  Probe  
  54  4:39  Protoss Ground Weapons Level 1 (Chrono Boost)  
  54  4:41  Immortal  
  59  4:48  Pylon  
  59  4:49  Probe  
  59  4:50  Probe  
  61  4:57  Pylon  
  61  5:01  Probe, Pylon  
  61  5:06  Probe, Nexus  
  63  5:13  Probe  
  64  5:19  Probe  
  64  5:20  Assimilator x2  
  65  5:26  Probe  
  66  5:29  Immortal  
  66  5:31  Probe  
  66  5:34  Twilight Council  
  71  5:38  Probe  
  72  5:43  Probe  
  73  5:50  Probe (Chrono Boost)  
  73  5:52  Pylon, Zealot x2  
  73  5:55  Probe (Chrono Boost), Pylon  
  79  6:02  Probe (Chrono Boost)  
  81  6:05  Probe (Chrono Boost)  
  81  6:06  Gateway  
  81  6:07  Probe (Chrono Boost)  
  81  6:08  Gateway  
  81  6:10  Gateway  
  82  6:12  Templar Archives  
  82  6:16  Gateway  
  82  6:19  Probe x2  
  82  6:21  Probe  
  82  6:24  Charge  
  85  6:27  Observer  
  85  6:28  Zealot  
  85  6:29  Zealot  
  90  6:36  Probe x3  
  90  6:39  Protoss Ground Weapons Level 2 (Chrono Boost), Assimilator  
  93  6:40  Pylon  
  93  6:44  Assimilator  
  93  6:49  Probe  
  93  6:50  Probe x2  
  93  6:51  Zealot  
  98  6:55  Zealot  
  98  6:57  Immortal  
  104  7:08  High Templar x3  
  108  7:10  High Templar  
  108  7:13  Zealot  
  108  7:14  Archon x2  
  114  7:15  Probe  
  114  7:16  Probe x2  
  114  7:21  Pylon  
  117  7:23  Pylon  
  117  7:28  Pylon  
  117  7:30  Probe  
  117  7:31  Probe x2  
  117  7:32  Pylon, Nexus  
  117  7:33  High Templar x2  
  123  7:39  Archon  
  123  7:47  Zealot x4  
  123  7:49  Immortal  
  135  7:52  Probe x3  
  136  8:05  Probe x3  
  139  8:08  Photon Cannon  
  139  8:10  Shield Battery  
  139  8:11  Photon Cannon  
  139  8:14  Shield Battery  
  139  8:17  Photon Cannon  
  139  8:18  Shield Battery  
  139  8:19  Photon Cannon  
  139  8:20  High Templar x3, Shield Battery  
  139  8:21  High Templar  
  139  8:25  High Templar x2  
  139  8:26  Archon x2  
  151  8:30  Archon  
  151  8:32  Probe x3  
  154  8:35  Pylon  
  154  8:38  Pylon  
  154  8:43  Pylon  
  154  8:44  Probe x3  
  157  8:56  Photon Cannon  
  157  9:00  Assimilator  
  157  9:02  Zealot x4  
  163  9:03  Zealot x2  
  163  9:04  Assimilator  
  163  9:06  Probe x2  
  171  9:14  Gateway  
  171  9:15  Gateway  
  171  9:19  Gateway  
  171  9:22  Gateway  
  171  9:28  Gateway  
  171  9:31  Gateway  
  170  9:32  Gateway  
  170  9:35  Gateway  
  170  9:37  Zealot  
  170  9:38  Gateway, Zealot x2  
  174  9:40  Gateway, Zealot  
  174  9:44  Robotics Facility  
  178  9:45  Zealot x2  
  180  10:13  Zealot x3  
  180  10:14  Zealot x5  
  189  10:35  Nexus  
  189  10:39  Pylon, Observer  
  189  10:40  Immortal  
  189  10:42  Pylon  
  170  10:52  Zealot  
  170  10:53  Zealot x4  
  170  10:54  Zealot x5  
  170  10:55  Zealot x3  
  196  10:57  Zealot x2  
  188  11:26  High Templar x4  
  188  11:27  High Templar x4  
Tags
 
Add a new tag
Caveats
  • Supply blocks, unpowered buildings, or Contaminate may cause inaccurate times.
  • Supply counts are checked every 10 seconds.